[Event "28th CRO-chT 1A-Men 2019"]
[Site "Mali Losinj"]
[Date "2019.10.04"]
[Round "7.24"]
[White "Brumen, Dinko"]
[Black "Zelcic, Robert"]
[Result "0-1"]
[ECO "D24"]
[WhiteElo "2317"]
[BlackElo "2508"]
[Annotator "ChessBase"]
[PlyCount "108"]
[EventDate "2019.09.28"]
[EventType "team-tourn"]
[EventCountry "CRO"]
[SourceTitle "playchess.com"]
[Source "ChessBase"]
[SourceQuality "1"]
[TimeControl "40/5400+30:1800+30"]

1. d4 Nf6 2. Nf3 d5 3. c4 e6 4. Nc3 dxc4 5. e4 b5 6. e5 Nd5 7. Nxb5 Nb6 8. Na3 Bxa3 9. bxa3 O-O 10. h4 Bb7 11. Be2 f5 12. exf6 Qxf6 13. h5 h6 14. Rh3 Be4 15. Be3 N8d7 16. Rc1 Rab8 17. Nd2 Bxg2 18. Rh2 Bd5 19. Nxc4 Nxc4 20. Bxc4 Qf5 21. Bd3 Be4 22. Bxe4 Qxe4 23. Qc2 Qxc2 24. Rxc2 Rb7 25. Rc6 Rf6 26. f4 Rb1+ 27. Kd2 Rb2+ 28. Rc2 Rxc2+ 29. Kxc2 Nb6 30. Kd3 Rf5 31. Ke4 Nd5 32. Kf3 a6 33. a4 Nf6 34. Rc2 Rxh5 35. Rc6 Rh3+ 36. Ke2 Rh2+ 37. Kd1 h5 38. Rxa6 h4 39. f5 exf5 40. Bf4 Rxa2 41. Bxc7 h3 42. Ra5 h2 43. Bxh2 Rxh2 44. Rxf5 Rh4 45. Kc2 Rxd4 46. Kb3 Kf7 47. Rf1 Ke6 48. a5 Kd6 49. Rc1 Ne4 50. a6 Nc5+ 51. Kb2 Ra4 52. Rd1+ Ke7 53. Re1+ Kf7 54. Rf1+ Kg8 0-1

[Event "28th CRO-chT 1A-Men 2019"]
[Site "Mali Losinj"]
[Date "2019.10.04"]
[Round "7.25"]
[White "Tomashevsky, Evgeny"]
[Black "Lysyj, Igor"]
[Result "1/2-1/2"]
[ECO "A30"]
[WhiteElo "2718"]
[BlackElo "2596"]
[Annotator "ChessBase"]
[PlyCount "124"]
[EventDate "2019.09.28"]
[EventType "team-tourn"]
[EventCountry "CRO"]
[SourceTitle "playchess.com"]
[Source "ChessBase"]
[SourceQuality "1"]
[TimeControl "40/5400+30:1800+30"]

1. c4 e6 2. Nc3 c5 3. Nf3 Nf6 4. g3 b6 5. Bg2 Bb7 6. O-O Be7 7. d4 cxd4 8. Qxd4 O-O 9. Rd1 d6 10. Bg5 Nbd7 11. Nb5 d5 12. cxd5 Bxd5 13. Nc3 Bc6 14. Qc4 Qc8 15. e4 h6 16. Nd4 Bb7 17. Qxc8 Rfxc8 18. Bxf6 Bxf6 19. f4 e5 20. Nf5 Rd8 21. Nd5 Kf8 22. Nd6 Rab8 23. Nxb7 Rxb7 24. Nxf6 gxf6 25. Rac1 Ke7 26. Rd5 Nc5 27. fxe5 fxe5 28. Rxe5+ Kf8 29. Rd5 Re8 30. e5 Rbe7 31. b4 Nd7 32. Rd6 Kg7 33. e6 fxe6 34. Re1 Nf6 35. Bc6 Rc8 36. Re5 Kf7 37. Re2 Ne8 38. Rf2+ Kg7 39. Rd7 Rc7 40. Rxc7 Nxc7 41. Re2 Ne8 42. Kf2 Nd6 43. Rd2 Nf7 44. Ke3 Rc7 45. Ba4 Kf6 46. Bb3 Ke7 47. Re2 Rc6 48. Rf2 Rc3+ 49. Kd4 Rc1 50. Re2 Nd8 51. Ke3 Rc6 52. Kf4 Nf7 53. Kg4 Kf6 54. Kh5 a5 55. bxa5 bxa5 56. Rc2 Rd6 57. Rf2+ Kg7 58. Rf4 Rb6 59. Rg4+ Kf6 60. Rf4+ Kg7 61. Rg4+ Kf6 62. Rf4+ Ke5 1/2-1/2

[Event "28th CRO-chT 1A-Men 2019"]
[Site "Mali Losinj"]
[Date "2019.10.04"]
[Round "7.26"]
[White "Hracek, Zbynek"]
[Black "Saric, Ivan"]
[Result "1/2-1/2"]
[ECO "C47"]
[WhiteElo "2555"]
[BlackElo "2667"]
[Annotator "ChessBase"]
[PlyCount "22"]
[EventDate "2019.09.28"]
[EventType "team-tourn"]
[EventCountry "CRO"]
[SourceTitle "playchess.com"]
[Source "ChessBase"]
[SourceQuality "1"]
[TimeControl "40/5400+30:1800+30"]

1. e4 e5 2. Nf3 Nc6 3. Nc3 Nf6 4. d4 exd4 5. Nxd4 Bb4 6. Nxc6 bxc6 7. Bd3 d5 8. exd5 cxd5 9. O-O O-O 10. Bg5 c6 11. Qf3 Rb8 1/2-1/2

[Event "28th CRO-chT 1A-Men 2019"]
[Site "Mali Losinj"]
[Date "2019.10.04"]
[Round "7.27"]
[White "Markus, Robert"]
[Black "Leventic, Ivan"]
[Result "1-0"]
[ECO "D06"]
[WhiteElo "2599"]
[BlackElo "2388"]
[Annotator "ChessBase"]
[PlyCount "99"]
[EventDate "2019.09.28"]
[EventType "team-tourn"]
[EventCountry "CRO"]
[SourceTitle "playchess.com"]
[Source "ChessBase"]
[SourceQuality "1"]
[TimeControl "40/5400+30:1800+30"]

1. d4 d5 2. Nf3 c5 3. c4 cxd4 4. cxd5 Qxd5 5. Nc3 Qa5 6. Nxd4 Bd7 7. Qb3 Na6 8. Qxb7 Rb8 9. Qd5 Qxd5 10. Nxd5 e5 11. Nc2 Nf6 12. e4 Nxd5 13. Bxa6 Bb4+ 14. Ke2 Nf4+ 15. Bxf4 exf4 16. Rhd1 Ke7 17. Rac1 Bd6 18. b3 Rb6 19. Bc4 f6 20. Nd4 Rc8 21. Bd5 Rbb8 22. Bc6 Be6 23. Ba4 Rxc1 24. Rxc1 Ra8 25. Rc6 Bg4+ 26. f3 Bc8 27. Rc4 g6 28. Kd2 a6 29. Bc6 Ra7 30. b4 Rc7 31. Kd3 Be6 32. Bd5 Bd7 33. a3 Ra7 34. Nc6+ Bxc6 35. Rxc6 a5 36. b5 Rc7 37. Ra6 Bxa3 38. b6 Rc8 39. b7 Rd8 40. Re6+ Kd7 41. Rxf6 Be7 42. Ra6 Bd6 43. Rxa5 Bb8 44. Rc5 Bc7 45. Kc4 Rb8 46. Kb5 Rf8 47. Be6+ Kd8 48. Rd5+ Ke8 49. Rd7 Bb8 50. Rxh7 1-0

[Event "28th CRO-chT 1A-Men 2019"]
[Site "Mali Losinj"]
[Date "2019.10.04"]
[Round "7.28"]
[White "Zivkovic, Vjekoslav"]
[Black "Kuljasevic, Davorin"]
[Result "1/2-1/2"]
[ECO "C77"]
[WhiteElo "2362"]
[BlackElo "2550"]
[Annotator "ChessBase"]
[PlyCount "180"]
[EventDate "2019.09.28"]
[EventType "team-tourn"]
[EventCountry "CRO"]
[SourceTitle "playchess.com"]
[Source "ChessBase"]
[SourceQuality "1"]
[TimeControl "40/5400+30:1800+30"]

1. e4 e5 2. Nf3 Nc6 3. Bb5 a6 4. Ba4 Nf6 5. d3 d6 6. c3 g6 7. O-O Bg7 8. Re1 O-O 9. Nbd2 Re8 10. Nf1 b5 11. Bc2 Nb8 12. a4 Bb7 13. axb5 axb5 14. Rxa8 Bxa8 15. Ng3 c5 16. d4 Nbd7 17. d5 c4 18. h3 Nc5 19. Be3 Bb7 20. Nd2 Qc7 21. Nb1 Bc8 22. Na3 Bd7 23. Qd2 h5 24. f3 Nh7 25. Kh2 Qd8 26. Qf2 Qe7 27. Rd1 Rc8 28. Kh1 Bf6 29. Nf1 h4 30. Ra1 Bg5 31. Nb1 Bxe3 32. Nxe3 Qg5 33. Ra7 Nf6 34. Nd2 Nh5 35. Kh2 Nf4 36. Ndf1 Kg7 37. Qd2 Qd8 38. Qe1 Rb8 39. Qa1 Qb6 40. Qa5 Qxa5 41. Rxa5 Kf8 42. Nd2 Ke7 43. Ra2 Rb6 44. Kg1 Ra6 45. Rxa6 Nxa6 46. Kf1 Kd8 47. b4 cxb3 48. Bxb3 Nc5 49. Bc2 Kc7 50. Nb1 Kb6 51. Kf2 Bc8 52. Ke1 Ba6 53. Kf2 Bc8 54. Ke1 Nb7 55. Nd2 Na5 56. Kf2 Bd7 57. Kf1 Nb7 58. Kf2 Nc5 59. Nb1 Na4 60. Kf1 Kc5 61. Kf2 Nh5 62. Ke1 Ng3 63. Kd2 f5 64. Bd3 Kb6 65. Nd1 fxe4 66. fxe4 Nc5 67. Ke3 Nxd3 68. Kxd3 Nxe4 69. Kxe4 Bf5+ 70. Kf3 Bxb1 71. Kg4 Be4 72. Ne3 Kc5 73. Kxh4 Bxd5 74. Kg5 Be4 75. Kf6 b4 76. cxb4+ Kd4 77. Ng4 Bxg2 78. h4 e4 79. Kxg6 e3 80. Nxe3 Kxe3 81. h5 Kd4 82. h6 Ke5 83. b5 d5 84. b6 Be4+ 85. Kg5 Kd6 86. Kf4 Bh7 87. b7 Kc7 88. Ke5 Bg8 89. h7 Bxh7 90. Kxd5 Kxb7 1/2-1/2

[Event "28th CRO-chT 1A-Men 2019"]
[Site "Mali Losinj"]
[Date "2019.10.04"]
[Round "7.29"]
[White "Jovanic, Ognjen"]
[Black "Mrkonjic, Nenad"]
[Result "1/2-1/2"]
[ECO "D36"]
[WhiteElo "2532"]
[BlackElo "2347"]
[Annotator "ChessBase"]
[PlyCount "92"]
[EventDate "2019.09.28"]
[EventType "team-tourn"]
[EventCountry "CRO"]
[SourceTitle "playchess.com"]
[Source "ChessBase"]
[SourceQuality "1"]
[TimeControl "40/5400+30:1800+30"]

1. d4 d5 2. c4 e6 3. Nc3 Nf6 4. cxd5 exd5 5. Bg5 c6 6. e3 Be7 7. Qc2 Bg4 8. Nge2 Bxe2 9. Bxe2 Ne4 10. Bf4 Ng5 11. Bd3 Ne6 12. Bg3 g6 13. f3 Bh4 14. O-O-O Nd7 15. Kb1 O-O 16. Bxh4 Qxh4 17. g3 Qf6 18. f4 Ng7 19. Qf2 Nf5 20. g4 Nd6 21. h4 Rfe8 22. g5 Qe6 23. Rde1 f5 24. h5 Nf8 25. Rh3 Re7 26. Reh1 Rg7 27. Ka1 Re8 28. Qc2 a6 29. Na4 Qe7 30. Nc5 Kf7 31. Bf1 Qc7 32. Nd3 Ke7 33. Ne5 Nf7 34. Bd3 Nxe5 35. dxe5 Ne6 36. a3 Kd8 37. hxg6 hxg6 38. Rh6 Qd7 39. Bxf5 gxf5 40. Qxf5 Kc7 41. Rh7 Ree7 42. g6 d4 43. exd4 Nxd4 44. Qf6 Nc2+ 45. Kb1 Nxa3+ 46. bxa3 Qd3+ 1/2-1/2

[Event "28th CRO-chT 1A-Men 2019"]
[Site "Mali Losinj"]
[Date "2019.10.05"]
[Round "8.2"]
[White "Hracek, Zbynek"]
[Black "Dreev, Aleksey"]
[Result "1/2-1/2"]
[ECO "D12"]
[WhiteElo "2555"]
[BlackElo "2662"]
[Annotator "ChessBase"]
[PlyCount "39"]
[EventDate "2019.09.28"]
[EventType "team-tourn"]
[EventCountry "CRO"]
[SourceTitle "playchess.com"]
[Source "ChessBase"]
[SourceQuality "1"]
[TimeControl "40/5400+30:1800+30"]

1. e4 c6 2. d4 d5 3. Nc3 dxe4 4. Nxe4 Bf5 5. Ng3 Bg6 6. Nf3 e6 7. Bd3 Bxd3 8. Qxd3 Nf6 9. O-O Bd6 10. b3 Nbd7 11. Bb2 Qc7 12. c4 O-O 13. Ne4 Nxe4 14. Qxe4 Nf6 15. Qc2 Rad8 16. Rad1 Rfe8 17. Rfe1 Be7 18. g3 a6 19. Ne5 c5 20. dxc5 1/2-1/2

[Event "28th CRO-chT 1A-Men 2019"]
[Site "Mali Losinj"]
[Date "2019.10.05"]
[Round "8.3"]
[White "Lalic, Bogdan"]
[Black "Leventic, Ivan"]
[Result "1/2-1/2"]
[ECO "A46"]
[WhiteElo "2419"]
[BlackElo "2388"]
[Annotator "ChessBase"]
[PlyCount "31"]
[EventDate "2019.09.28"]
[EventType "team-tourn"]
[EventCountry "CRO"]
[SourceTitle "playchess.com"]
[Source "ChessBase"]
[SourceQuality "1"]
[TimeControl "40/5400+30:1800+30"]

1. d4 Nf6 2. Nf3 e6 3. g3 c5 4. Bg2 Nc6 5. O-O cxd4 6. Nxd4 Qb6 7. Nb3 d5 8. Be3 Qa6 9. a4 Na5 10. N1d2 Nxb3 11. Nxb3 Be7 12. Qd3 Qxd3 13. cxd3 Bd6 14. Rfc1 Ke7 15. Na5 Rd8 16. Bd2 1/2-1/2

[Event "28th CRO-chT 1A-Men 2019"]
[Site "Mali Losinj"]
[Date "2019.10.05"]
[Round "8.4"]
[White "Zivkovic, Vjekoslav"]
[Black "Loncar, Robert"]
[Result "1/2-1/2"]
[ECO "C95"]
[WhiteElo "2362"]
[BlackElo "2406"]
[Annotator "ChessBase"]
[PlyCount "40"]
[EventDate "2019.09.28"]
[EventType "team-tourn"]
[EventCountry "CRO"]
[SourceTitle "playchess.com"]
[Source "ChessBase"]
[SourceQuality "1"]
[TimeControl "40/5400+30:1800+30"]

1. e4 e5 2. Nf3 Nc6 3. Bb5 a6 4. Ba4 Nf6 5. O-O Be7 6. Re1 b5 7. Bb3 d6 8. c3 O-O 9. h3 Nb8 10. d4 Nbd7 11. Nbd2 Bb7 12. Bc2 Re8 13. Nf1 Bf8 14. Ng3 g6 15. a4 c5 16. d5 c4 17. Be3 Nc5 18. Qe2 Nfd7 19. Nd2 Qc7 20. Ngf1 Bg7 1/2-1/2

[Event "28th CRO-chT 1A-Men 2019"]
[Site "Mali Losinj"]
[Date "2019.10.05"]
[Round "8.5"]
[White "Sale, Srdjan"]
[Black "Mrkonjic, Nenad"]
[Result "1-0"]
[ECO "A03"]
[WhiteElo "2412"]
[BlackElo "2347"]
[Annotator "ChessBase"]
[PlyCount "81"]
[EventDate "2019.09.28"]
[EventType "team-tourn"]
[EventCountry "CRO"]
[SourceTitle "playchess.com"]
[Source "ChessBase"]
[SourceQuality "1"]
[TimeControl "40/5400+30:1800+30"]

1. f4 d5 2. Nf3 g6 3. g3 Bg7 4. Bg2 e6 5. O-O b5 6. d3 Ne7 7. Qe1 a5 8. e4 O-O 9. e5 c5 10. Be3 Qc7 11. Nbd2 Ba6 12. Nb3 d4 13. Bf2 a4 14. Nxc5 Qxc5 15. Nxd4 Nd7 16. Nxe6 Qc8 17. Nxf8 Nxf8 18. Qb4 Nc6 19. Qc5 Nd8 20. Rac1 Nfe6 21. Qxc8 Rxc8 22. d4 Bf8 23. d5 Ng7 24. Rfd1 Bc5 25. Bxc5 Rxc5 26. Kf2 Kf8 27. a3 Nb7 28. d6 Nd8 29. Rd5 Rc6 30. Bf1 Rb6 31. b3 axb3 32. cxb3 Nge6 33. b4 Ke8 34. Ke3 Kd7 35. g4 g5 36. f5 Nf4 37. Rc7+ Ke8 38. Rdc5 h6 39. Ra7 Bb7 40. Rxb5 Ra6 41. Rbxb7 1-0

[Event "28th CRO-chT 1A-Men 2019"]
[Site "Mali Losinj"]
[Date "2019.10.05"]
[Round "8.6"]
[White "Feletar, Darko"]
[Black "Medak, Bojan"]
[Result "1/2-1/2"]
[ECO "B08"]
[WhiteElo "2356"]
[BlackElo "2351"]
[Annotator "ChessBase"]
[PlyCount "23"]
[EventDate "2019.09.28"]
[EventType "team-tourn"]
[EventCountry "CRO"]
[SourceTitle "playchess.com"]
[Source "ChessBase"]
[SourceQuality "1"]
[TimeControl "40/5400+30:1800+30"]

1. d4 d6 2. e4 Nf6 3. Nc3 g6 4. Nf3 Bg7 5. h3 O-O 6. Be3 c6 7. a4 Nbd7 8. Be2 e5 9. dxe5 dxe5 10. O-O Qe7 11. Nd2 Nc5 12. Bc4 1/2-1/2

[Event "28th CRO-chT 1A-Men 2019"]
[Site "Mali Losinj"]
[Date "2019.10.05"]
[Round "8.9"]
[White "Blazeka, Matej"]
[Black "Markus, Robert"]
[Result "0-1"]
[ECO "A56"]
[WhiteElo "2385"]
[BlackElo "2599"]
[Annotator "ChessBase"]
[PlyCount "98"]
[EventDate "2019.09.28"]
[EventType "team-tourn"]
[EventCountry "CRO"]
[SourceTitle "playchess.com"]
[Source "ChessBase"]
[SourceQuality "1"]
[TimeControl "40/5400+30:1800+30"]

1. d4 Nf6 2. c4 c5 3. d5 e5 4. Nc3 d6 5. e4 Nbd7 6. Be2 a6 7. Nf3 Be7 8. O-O Nf8 9. a3 Ng6 10. b4 b6 11. bxc5 bxc5 12. Qc2 O-O 13. Rb1 Bd7 14. Re1 Qc8 15. Bd1 Bd8 16. Bd2 Ba5 17. Na4 Qc7 18. Bxa5 Qxa5 19. Qc3 Qc7 20. Nb6 Rab8 21. Nxd7 Qxd7 22. Rxb8 Rxb8 23. Nd2 h5 24. g3 Qh3 25. Bf3 h4 26. Bg2 Qd7 27. Bf3 Nh7 28. Rb1 Rxb1+ 29. Nxb1 Ng5 30. Nd2 f5 31. Qd3 f4 32. Bh5 fxg3 33. fxg3 hxg3 34. hxg3 Nf8 35. Qe3 Nfh7 36. Bg6 Qg4 37. Bf5 Qh5 38. Bxh7+ Kxh7 39. Kg2 Qh3+ 40. Kg1 Kg6 41. Nf1 Qg4 42. Nd2 Qd1+ 43. Kg2 Qc2 44. Kf1 Qc1+ 45. Ke2 Kh5 46. Qd3 Kg4 47. Nf1 Qb2+ 48. Ke1 Nf3+ 49. Kd1 Qa1+ 0-1

[Event "28th CRO-chT 1A-Men 2019"]
[Site "Mali Losinj"]
[Date "2019.10.05"]
[Round "8.10"]
[White "Kuljasevic, Davorin"]
[Black "Rogulj, Branko"]
[Result "1/2-1/2"]
[ECO "A70"]
[WhiteElo "2550"]
[BlackElo "2394"]
[Annotator "ChessBase"]
[PlyCount "51"]
[EventDate "2019.09.28"]
[EventType "team-tourn"]
[EventCountry "CRO"]
[SourceTitle "playchess.com"]
[Source "ChessBase"]
[SourceQuality "1"]
[TimeControl "40/5400+30:1800+30"]

1. d4 Nf6 2. c4 c5 3. d5 e6 4. Nc3 exd5 5. cxd5 d6 6. Nf3 g6 7. Bf4 Bg7 8. Qa4+ Bd7 9. Qb3 Qc7 10. e4 Nh5 11. Be3 O-O 12. Nd2 a6 13. a4 Be8 14. Be2 f5 15. exf5 gxf5 16. Nc4 Nd7 17. O-O f4 18. Bd2 Ne5 19. Nxe5 Bxe5 20. Ne4 Qg7 21. Bf3 Nf6 22. Nxf6+ Rxf6 23. Bc3 Rf5 24. Rfe1 b5 25. axb5 Bxb5 26. Bxe5 1/2-1/2

[Event "28th CRO-chT 1A-Men 2019"]
[Site "Mali Losinj"]
[Date "2019.10.05"]
[Round "8.11"]
[White "Vujakovic, Branko"]
[Black "Jovanic, Ognjen"]
[Result "0-1"]
[ECO "C84"]
[WhiteElo "2322"]
[BlackElo "2532"]
[Annotator "ChessBase"]
[PlyCount "102"]
[EventDate "2019.09.28"]
[EventType "team-tourn"]
[EventCountry "CRO"]
[SourceTitle "playchess.com"]
[Source "ChessBase"]
[SourceQuality "1"]
[TimeControl "40/5400+30:1800+30"]

1. e4 e5 2. Nf3 Nc6 3. Bb5 Nf6 4. d4 exd4 5. O-O a6 6. Ba4 Be7 7. e5 Ne4 8. Nxd4 O-O 9. Nf5 d5 10. Bxc6 bxc6 11. Nxe7+ Qxe7 12. Re1 Re8 13. f3 Nc5 14. b3 Ne6 15. Ba3 Qh4 16. Nc3 Qd4+ 17. Qxd4 Nxd4 18. Rac1 Bf5 19. Bc5 Ne6 20. Bf2 h5 21. h3 g5 22. g4 Bg6 23. h4 Kg7 24. Kg2 Rh8 25. Rh1 hxg4 26. hxg5 gxf3+ 27. Kxf3 Rxh1 28. Rxh1 Bxc2 29. Rc1 Bf5 30. Ne2 Be4+ 31. Kg4 Rh8 32. Bg1 Bg6 33. Nd4 Rh1 34. Nxe6+ fxe6 35. Kg3 Bf5 36. Kf2 Kg6 37. Rxc6 Kxg5 38. Rxc7 Kf4 39. Ra7 Bd3 40. Rg7 Kxe5 41. Ke3 Bf5 42. Rg2 d4+ 43. Kf2 Rh3 44. Ke2 Kd5 45. Rg8 e5 46. Kd2 Rd3+ 47. Ke1 Rc3 48. Rd8+ Ke4 49. Kd2 Rg3 50. Bf2 Rd3+ 51. Kc2 Rh3 0-1

[Event "28th CRO-chT 1A-Men 2019"]
[Site "Mali Losinj"]
[Date "2019.10.05"]
[Round "8.12"]
[White "Plenca, Jadranko"]
[Black "Brumen, Dinko"]
[Result "1-0"]
[ECO "B52"]
[WhiteElo "2461"]
[BlackElo "2317"]
[Annotator "ChessBase"]
[PlyCount "103"]
[EventDate "2019.09.28"]
[EventType "team-tourn"]
[EventCountry "CRO"]
[SourceTitle "playchess.com"]
[Source "ChessBase"]
[SourceQuality "1"]
[TimeControl "40/5400+30:1800+30"]

1. e4 c5 2. Nf3 d6 3. Bb5+ Bd7 4. Bxd7+ Qxd7 5. O-O Nf6 6. e5 Ng4 7. d4 cxd4 8. exd6 Qxd6 9. Qxd4 Qxd4 10. Nxd4 e6 11. Nb5 Na6 12. h3 Ne5 13. Bf4 Nc6 14. N1c3 Be7 15. Rad1 e5 16. Be3 b6 17. Nd5 O-O 18. Nxe7+ Nxe7 19. Rd7 Nc6 20. Rfd1 Nc5 21. Bxc5 bxc5 22. R1d5 a6 23. Nc7 Rab8 24. Rxc5 Nd4 25. b3 Rb7 26. Rxe5 Nxc2 27. Rc5 Na3 28. Rdd5 Ra7 29. Ra5 Nc2 30. Rdc5 Nb4 31. Rc4 Rb8 32. a3 Rc8 33. Rxb4 Raxc7 34. Rxa6 h5 35. Rab6 Kh7 36. R4b5 g6 37. Rb7 Rc1+ 38. Kh2 Kg7 39. Rb4 g5 40. h4 R8c2 41. R7b5 gxh4 42. Rf4 Ra1 43. a4 Kg6 44. Rb6+ Kg7 45. Rb5 Kg6 46. a5 Rb2 47. Rxh4 Rxf2 48. Rhxh5 f5 49. Rh3 Raa2 50. Rg3+ Kf6 51. Kh3 Ke6 52. Rg6+ 1-0

[Event "28th CRO-chT 1A-Men 2019"]
[Site "Mali Losinj"]
[Date "2019.10.05"]
[Round "8.13"]
[White "Georgiev, Kiril"]
[Black "Kryvoruchko, Yuriy"]
[Result "1/2-1/2"]
[ECO "E05"]
[WhiteElo "2577"]
[BlackElo "2669"]
[Annotator "ChessBase"]
[PlyCount "32"]
[EventDate "2019.09.28"]
[EventType "team-tourn"]
[EventCountry "CRO"]
[SourceTitle "playchess.com"]
[Source "ChessBase"]
[SourceQuality "1"]
[TimeControl "40/5400+30:1800+30"]

1. d4 Nf6 2. c4 e6 3. Nf3 d5 4. g3 Be7 5. Bg2 O-O 6. O-O dxc4 7. Ne5 Nc6 8. Bxc6 bxc6 9. Nxc6 Qe8 10. Nxe7+ Qxe7 11. Qa4 e5 12. dxe5 Qxe5 13. Qxc4 Be6 14. Qc2 Bf5 15. Qc4 Be6 16. Qc2 Bf5 1/2-1/2

[Event "28th CRO-chT 1A-Men 2019"]
[Site "Mali Losinj"]
[Date "2019.10.05"]
[Round "8.14"]
[White "Malakhov, Vladimir"]
[Black "Shchekachev, Andrei"]
[Result "1/2-1/2"]
[ECO "A30"]
[WhiteElo "2662"]
[BlackElo "2524"]
[Annotator "RC"]
[PlyCount "81"]
[EventDate "2019.09.28"]
[EventType "team-tourn"]
[EventCountry "CRO"]
[SourceTitle "playchess.com"]
[Source "ChessBase"]
[SourceQuality "1"]
[TimeControl "40/5400+30:1800+30"]

1. Nf3 Nf6 2. g3 b6 3. Bg2 Bb7 4. O-O c5 5. c4 g6 6. Nc3 Bg7 7. Re1 O-O 8. e4 Nc6 9. e5 Ne8 10. d4 Nxd4 11. Nxd4 Bxg2 12. Kxg2 cxd4 13. Qxd4 d6 14. Bf4 dxe5 15. Qxd8 Rxd8 16. Bxe5 e6 17. Bxg7 Kxg7 18. Rad1 Nf6 19. b3 a6 20. Kf3 Rfe8 21. g4 h6 22. Rxd8 Rxd8 23. Rd1 Rxd1 24. Nxd1 Nd7 25. Ke4 f5+ 26. gxf5 gxf5+ 27. Kd4 Kf6 28. f4 Nb8 29. Nb2 Nc6+ 30. Ke3 Nb4 31. Na4 b5 32. cxb5 Nd5+ 33. Kf3 axb5 34. Nc5 b4 35. Nd3 Kg6 36. Kg3 Kf6 37. Kf3 Kg6 38. Kf2 Kh5 39. Kg3 Kg6 40. Ne5+ Kf6 41. Nd3 1/2-1/2

[Event "28th CRO-chT 1A-Men 2019"]
[Site "Mali Losinj"]
[Date "2019.10.05"]
[Round "8.15"]
[White "Muse, Drazen"]
[Black "Kozul, Zdenko"]
[Result "0-1"]
[ECO "A06"]
[WhiteElo "2357"]
[BlackElo "2581"]
[Annotator "ChessBase"]
[PlyCount "50"]
[EventDate "2019.09.28"]
[EventType "team-tourn"]
[EventCountry "CRO"]
[SourceTitle "playchess.com"]
[Source "ChessBase"]
[SourceQuality "1"]
[TimeControl "40/5400+30:1800+30"]

1. Nf3 Nf6 2. b3 d5 3. Bb2 Bg4 4. e3 e6 5. h3 Bxf3 6. Qxf3 Be7 7. d3 O-O 8. Nd2 c5 9. g4 Nfd7 10. Bg2 Nc6 11. Qe2 Bf6 12. c3 Qa5 13. d4 cxd4 14. cxd4 e5 15. dxe5 Ndxe5 16. O-O Nxg4 17. hxg4 Bxb2 18. b4 Nxb4 19. Nb3 Qa3 20. Rab1 Bf6 21. Qd2 Nxa2 22. Nd4 Bxd4 23. exd4 Nc3 24. Ra1 Qb3 25. Qd3 b5 0-1

[Event "28th CRO-chT 1A-Men 2019"]
[Site "Mali Losinj"]
[Date "2019.10.05"]
[Round "8.16"]
[White "Palac, Mladen"]
[Black "Sindik, Ervin"]
[Result "1-0"]
[ECO "B51"]
[WhiteElo "2544"]
[BlackElo "2283"]
[Annotator "ChessBase"]
[PlyCount "79"]
[EventDate "2019.09.28"]
[EventType "team-tourn"]
[EventCountry "CRO"]
[SourceTitle "playchess.com"]
[Source "ChessBase"]
[SourceQuality "1"]
[TimeControl "40/5400+30:1800+30"]

1. Nf3 c5 2. e4 d6 3. Bb5+ Nd7 4. O-O a6 5. Bd3 Ne5 6. Nxe5 dxe5 7. a4 Nf6 8. b3 b6 9. Bb2 Qc7 10. Na3 Nd7 11. Nc4 f6 12. f4 exf4 13. e5 g6 14. Qf3 Bb7 15. Be4 O-O-O 16. e6 Nb8 17. a5 Bxe4 18. Qxe4 Qc6 19. Nxb6+ Kb7 20. Qe2 g5 21. c4 Qd6 22. Na4 Nc6 23. Qf2 Nd4 24. Bxd4 cxd4 25. b4 f5 26. b5 Bg7 27. d3 Ka7 28. Rfe1 g4 29. c5 g3 30. hxg3 fxg3 31. Qxf5 Qd5 32. b6+ Kb7 33. c6+ Kxc6 34. Qf4 Qd6 35. Qf3+ Qd5 36. Qxg3 Rc8 37. Rec1+ Kb5 38. Rcb1+ Kc6 39. b7 Rcg8 40. Rb6# 1-0

[Event "28th CRO-chT 1A-Men 2019"]
[Site "Mali Losinj"]
[Date "2019.10.05"]
[Round "8.17"]
[White "Zivkovic, Nikola"]
[Black "Zelcic, Robert"]
[Result "0-1"]
[ECO "B14"]
[WhiteElo "2139"]
[BlackElo "2508"]
[Annotator "ChessBase"]
[PlyCount "108"]
[EventDate "2019.09.28"]
[EventType "team-tourn"]
[EventCountry "CRO"]
[SourceTitle "playchess.com"]
[Source "ChessBase"]
[SourceQuality "1"]
[TimeControl "40/5400+30:1800+30"]

1. e4 c6 2. d4 d5 3. exd5 cxd5 4. c4 Nf6 5. Nc3 Nc6 6. Nf3 g6 7. cxd5 Nxd5 8. Bc4 Nb6 9. Bb3 Bg7 10. Be3 O-O 11. h3 Na5 12. O-O Nxb3 13. Qxb3 Be6 14. Qb4 h6 15. Rfd1 a5 16. Qc5 Nd5 17. Nxd5 Bxd5 18. Ne5 e6 19. Qc1 Kh7 20. Qd2 f6 21. Nd3 g5 22. f3 b6 23. b3 Kh8 24. Rac1 Qd7 25. Nf2 a4 26. b4 a3 27. h4 Rfc8 28. hxg5 hxg5 29. Ne4 Rxc1 30. Rxc1 Rc8 31. Rxc8+ Qxc8 32. Qc3 Qa8 33. Qc2 Kg8 34. Ng3 Qe8 35. Ne2 Bf8 36. Bd2 Kg7 37. Ng3 Bd6 38. Ne4 Be7 39. Qc7 Bxa2 40. Qa7 Qd8 41. Qxa3 Bd5 42. Nf2 Qc7 43. Qc3 Qxc3 44. Bxc3 Kf7 45. Nd1 Ke8 46. Ne3 Bb3 47. Nf1 Kd7 48. Nd2 Ba4 49. Nb1 Kc6 50. Na3 Kd5 51. Kf2 f5 52. g3 Bd6 53. Bd2 Kxd4 54. Be3+ Kd3 0-1

[Event "28th CRO-chT 1A-Men 2019"]
[Site "Mali Losinj"]
[Date "2019.10.05"]
[Round "8.18"]
[White "Jankovic, Alojzije"]
[Black "Raguz, Darko"]
[Result "1-0"]
[ECO "E04"]
[WhiteElo "2535"]
[BlackElo "2087"]
[Annotator "ChessBase"]
[PlyCount "59"]
[EventDate "2019.09.28"]
[EventType "team-tourn"]
[EventCountry "CRO"]
[SourceTitle "playchess.com"]
[Source "ChessBase"]
[SourceQuality "1"]
[TimeControl "40/5400+30:1800+30"]

1. d4 d5 2. Nf3 Nf6 3. c4 e6 4. g3 dxc4 5. Bg2 c5 6. Nbd2 Bd7 7. Ne5 Nc6 8. Ndxc4 cxd4 9. O-O Nxe5 10. Nxe5 Qb6 11. Bf4 Bc5 12. b4 Be7 13. Rc1 Rd8 14. a4 O-O 15. b5 d3 16. Nc4 dxe2 17. Qxe2 Bxb5 18. axb5 Qxb5 19. Rb1 Bb4 20. Qb2 Qxc4 21. Qxb4 Qxb4 22. Rxb4 b6 23. Ra4 Nd5 24. Bxd5 Rxd5 25. Rxa7 e5 26. Be3 b5 27. Rb7 Rfd8 28. Rb1 Rd1+ 29. Rxd1 Rxd1+ 30. Kg2 1-0

[Event "28th CRO-chT 1A-Men 2019"]
[Site "Mali Losinj"]
[Date "2019.10.05"]
[Round "8.19"]
[White "Indjic, Aleksandar"]
[Black "Saric, Ibro"]
[Result "1/2-1/2"]
[ECO "D94"]
[WhiteElo "2638"]
[BlackElo "2564"]
[Annotator "ChessBase"]
[PlyCount "53"]
[EventDate "2019.09.28"]
[EventType "team-tourn"]
[EventCountry "CRO"]
[SourceTitle "playchess.com"]
[Source "ChessBase"]
[SourceQuality "1"]
[TimeControl "40/5400+30:1800+30"]

1. Nf3 d5 2. e3 Nf6 3. c4 c6 4. Nc3 g6 5. d4 Bg7 6. Be2 O-O 7. O-O a6 8. a4 a5 9. b3 Bg4 10. Ba3 Re8 11. Ne5 Bxe2 12. Qxe2 Ne4 13. Nxe4 dxe4 14. f3 f6 15. Ng4 exf3 16. gxf3 f5 17. Ne5 Nd7 18. f4 Nf6 19. Kh1 Ne4 20. Rf3 Bxe5 21. fxe5 e6 22. Rf4 Qd7 23. Rxe4 fxe4 24. Bd6 Rf8 25. Bxf8 Rxf8 26. Rf1 Qe7 27. Rf4 1/2-1/2